 Dungeon Crawl Stone Soup version 0.29-a0-422-gafbd6decc1 (webtiles) character file.

Game seed: 8306560391733235557

4665 rabbitsville the Thaumaturge (level 10, -11/50 HPs)
             Began as a Deep Elf Conjurer on May 12, 2022.
             Was a Believer of Sif Muna.
             Mangled by a two-headed ogre
             ... wielding a +0 giant club
              (18 damage)
             ... on level 9 of the Dungeon on May 18, 2022.
             The game lasted 00:38:16 (9698 turns).

rabbitsville the Thaumaturge (Deep Elf Conjurer)    Turns: 9698, Time: 00:38:16

Health: -11/50     AC:  5    Str:  4    XL:     10   Next: 20%
Magic:  18/27      EV: 13    Int: 28    God:    Sif Muna [**....]
Gold:   412        SH:  5    Dex: 13    Spells: 23/32 levels left

rFire   . . .      SeeInvis .   s - +2 whip (venom)
rCold   + . .      Faith    .   m - orb {*channel}
rNeg    . . .      Spirit   .   E - +0 steam dragon scales
rPois   .          Reflect  +   (no helmet)
rElec   .          Harm     .   G - scarf {repulsion}
rCorr   .          Rampage  .   (no gloves)
Will    ++...                   (no boots)
Stlth   ++........              k - amulet of reflection
HPRegen 0.16/turn               n - ring of protection from cold
MPRegen 0.20/turn               A - ring of willpower

@: studying Long Blades, repel missiles
A: no striking features
a: Renounce Religion, Channel Magic


You were on level 9 of the Dungeon.
You worshipped Sif Muna.
Sif Muna was pleased with you.
You visited 1 branch of the dungeon, and saw 9 of its levels.

You collected 412 gold pieces.

Inventory:

Hand Weapons
 e - a +0 dagger of venom
 l - a +5 scimitar
 s - a +2 whip of venom (weapon)
Armour
 a - a +0 robe
 m - an orb of energy (worn)
 E - +0 steam dragon scales (worn)
 G - a scarf of repulsion (worn)
Jewellery
 k - an amulet of reflection (around neck)
 n - a ring of protection from cold (left hand)
 A - a ring of willpower (right hand)
Wands
 q - a wand of polymorph (10)
 t - a wand of flame (45)
 v - a wand of mindburst (15)
 x - a wand of digging (6)
 y - a wand of charming (5)
Scrolls
 c - 2 scrolls of teleportation
 d - 2 scrolls of fear
 g - a scroll of noise
 p - 2 scrolls of blinking
 u - a scroll of silence
 w - a scroll of immolation
 z - 2 scrolls of fog
 B - a scroll of summoning
 D - a scroll of enchant armour
 F - 2 scrolls of poison
Potions
 b - 3 potions of magic
 f - 2 potions of mutation
 h - a potion of lignification
 i - 2 potions of heal wounds
 j - 2 potions of curing
 o - a potion of berserk rage {unknown}
 r - 2 potions of flight
 C - a potion of attraction {unknown}
 H - a potion of invisibility {unknown}


   Skills:
 - Level 3.4 Dodging
 - Level 2.4 Stealth
 + Level 11.5 Spellcasting
 - Level 8.3 Conjurations
 - Level 2.4 Transmutations
 * Level 6.3 Poison Magic
 * Level 8.8 Evocations


You had 23 spell levels left.
You knew the following spells:

 Your Spells              Type           Power      Damage    Failure   Level
a - Magic Dart            Conj           100%       1d8       1%          1
b - Searing Ray           Conj           100%       2d8       1%          2
c - Mephitic Cloud        Conj/Pois/Air  43%        N/A       1%          3
d - Ignite Poison         Fire/Tmut/Pois 32%        N/A       3%          3

Your spell library contained the following spells:

 Spells                   Type           Power      Damage    Failure   Level
 Dazzling Flash           Conj/Hex       78%        N/A       1%          3
 Passwall                 Tmut/Erth      19%        N/A       3%          2
 Ensorcelled Hibernation  Hex/Ice        32%        N/A       5%          2
 Fulminant Prism          Conj/Hex       19%        3d11      6%          4
 Iskenderun's Mystic Bla  Conj/Tloc      39%        2d9       6%          4
 Swiftness                Air            16%        N/A       11%         3
 Freezing Cloud           Conj/Ice/Air   15%        6-21      30%         5
 Eringya's Noxious Bog    Tmut/Pois      20%        N/A       65%         6
 Lee's Rapid Deconstruct  Erth           8%         3d8*      67%         5
 Summon Forest            Summ/Tloc      8%         N/A       67%         5
 Summon Hydra             Summ           8%         N/A       100%        7


Dungeon Overview and Level Annotations

Branches:
Dungeon (9/15)             Temple (0/1) D:4
   Lair: D:8-11         Orc: D:9-12

Altars:
Kikubaaqudgha
Ru
Sif Muna
Trog
Vehumet
Wu Jian
Yredelemnul


Message History

Found a stone staircase leading down.
There is a stone staircase leading down here.
There is a stone staircase leading down here.
b - 3 potions of magic (gained 1)
The two-headed ogre shouts in stereo!
There is a stone staircase leading up here.
Aiming: Mephitic Cloud (safe; 1% risk of failure)
Press: ? - help, Q - select action, (/) - cycle Shift-Dir - straight line, f - two-headed ogre
Aim: a two-headed ogre, wielding a +0 giant club and a +0 giant spiked club (chance to affect: 53%)
The ball explodes into a vile cloud!
The stinking cloud engulfs the two-headed ogre but does no damage.
The two-headed ogre is engulfed in noxious fumes.
You ignite the poison in your surroundings!
Magical energy flows into your mind!
The two-headed ogre is engulfed in blazing flames.
Unknown command.
The searing ray misses the two-headed ogre. (Press . to maintain the ray.)
The two-headed ogre hits you with a +0 giant club!
The two-headed ogre barely misses you.
The searing ray hits the two-headed ogre.
The two-headed ogre is moderately wounded.
The two-headed ogre barely misses you. You block the two-headed ogre's attack.
The searing ray hits the two-headed ogre!
The two-headed ogre is heavily wounded.
The searing ray hits the two-headed ogre!
The two-headed ogre is heavily wounded.
You finish channelling your searing ray.
The two-headed ogre hits you with a +0 giant club!!
The two-headed ogre hits you with a +0 giant spiked club!
* * * LOW HITPOINT WARNING * * *
You are too injured to fight recklessly!
Aiming: Searing Ray (safe; 1% risk of failure)
Press: ? - help, Q - select action, (/) - cycle Shift-Dir - straight line, f/p - two-headed ogre
Aim: a two-headed ogre, wielding a +0 giant club and a +0 giant spiked club (heavily wounded, 92% to hit)
The searing ray hits the two-headed ogre!
The two-headed ogre is severely wounded. (Press . to maintain the ray.)
The two-headed ogre hits you with a +0 giant club!!
You die...

#. ## ##.
. ..#.
#... ..#
#.#
###.#####
#.......#
#.#.###@#
#.#..##O#
#.##.##.#
#.##.##.#
#..>...°#
####O####
#####.#
#.O.O.#
#.#####


You could see a two-headed ogre.

Vanquished Creatures
  A two-headed ogre (D:7)
  Maggie (D:7)
  A wyvern (D:7)
  A water moccasin (D:4)
  3 ice beasts
  3 sky beasts
  2 black bears (D:5)
  3 orc warriors
  An ogre (D:7)
  2 centaurs (D:6)
  A phantom (D:5)
  A kobold brigand (D:8)
  A bullfrog (D:6)
  2 necrophages
  4 scorpions
  15 wights (D:8)
  An electric eel (D:7)
  4 howler monkeys
  2 hounds
  A gnoll shaman (D:7)
  A jelly (D:5)
  2 orc priests
  9 orc wizards
  2 iguanas (D:5)
  Natasha (thrice) (D:2)
  5 gnolls (D:7)
  9 adders
  2 river rats (D:4)
  A white imp (D:7)
  An ufetubus (D:5)
  2 worms (D:4)
  A dart slug (D:2)
  19 orcs
  7 ball pythons
  4 endoplasms (D:1)
  4 giant cockroaches
  10 goblins
  8 hobgoblins
  2 jackals (D:5)
  4 bats
  7 frilled lizards
  10 kobolds
  5 rats
  A spectral orc (D:7)
169 creatures vanquished.

Notes
Turn   | Place    | Note
-------+----------+-------------------------------------------
     0 | D:1      | rabbitsville the Deep Elf Conjurer began the quest for the
                  | Orb.
     0 | D:1      | Reached XP level 1. HP: 10/10 MP: 6/6
    98 | D:1      | Reached XP level 2. HP: 15/15 MP: 6/8
   705 | D:1      | Reached XP level 3. HP: 19/19 MP: 7/10
   980 | D:2      | Reached skill level 4 in Spellcasting
   980 | D:2      | Reached skill level 5 in Conjurations
  1012 | D:2      | Learned a level 2 spell: Searing Ray
  1094 | D:2      | Noticed Natasha
  1097 | D:2      | Reached XP level 4. HP: 24/24 MP: 7/12
  1102 | D:2      | Killed Natasha
  1198 | D:2      | Noticed Natasha
  1202 | D:2      | Killed Natasha
  1275 | D:2      | Reached skill level 5 in Spellcasting
  1403 | D:2      | Found a faded altar of an unknown god.
  1494 | D:2      | Noticed Natasha
  1499 | D:2      | Killed Natasha
  1500 | D:2      | Reached XP level 5. HP: 28/28 MP: 10/14
  2272 | D:3      | Reached skill level 1 in Evocations
  2675 | D:3      | Found a shimmering blue altar of Sif Muna.
  2710 | D:3      | Became a worshipper of Sif Muna the Loreminder
  2816 | D:4      | Reached XP level 6. HP: 32/32 MP: 9/16
  2858 | D:4      | Noticed a water moccasin
  2870 | D:4      | Killed a water moccasin
  2871 | D:4      | Reached skill level 6 in Spellcasting
  2985 | D:4      | Found an ancient bone altar of Kikubaaqudgha.
  3152 | D:4      | Found a radiant altar of Vehumet.
  3177 | D:4      | Found a staircase to the Ecumenical Temple.
  3501 | D:4      | Found an ornate altar of the Wu Jian Council.
  3704 | D:5      | Entered Level 5 of the Dungeon
  3750 | D:5      | Reached XP level 7. HP: 36/36 MP: 12/19
  3810 | D:5      | Reached * piety under Sif Muna
  3814 | D:5      | Reached skill level 7 in Spellcasting
  4094 | D:5      | Reached skill level 8 in Spellcasting
  4215 | D:5      | Found a sacrificial altar of Ru.
  4359 | D:5      | Reached XP level 8. HP: 27/41 MP: 13/22
  4542 | D:5      | Found a bloodstained altar of Trog.
  4782 | D:6      | Upgraded the game from 0.29-a0-398-ge13fd1374b to
                  | 0.29-a0-409-gd843f3a48c
  4943 | D:6      | Reached skill level 9 in Spellcasting
  5446 | D:6      | Reached skill level 1 in Transmutations
  5641 | D:6      | Reached skill level 5 in Evocations
  5819 | D:6      | Reached skill level 10 in Spellcasting
  5949 | D:6      | Reached XP level 9. HP: 45/45 MP: 17/25
  6147 | D:7      | You fall into a shaft and drop 1 floor!
  6156 | D:8      | Learned a level 3 spell: Mephitic Cloud
  6160 | D:8      | Learned a level 3 spell: Ignite Poison
  6245 | D:7      | Noticed Maggie
  6257 | D:7      | Killed Maggie
  6858 | D:7      | Reached ** piety under Sif Muna
  7151 | D:7      | Noticed a two-headed ogre
  7593 | D:8      | Noticed a boulder beetle
  8227 | D:8      | Reached skill level 11 in Spellcasting
  8467 | D:8      | Reached skill level 5 in Poison Magic
  8810 | D:8      | Reached XP level 10. HP: 40/50 MP: 15/27
  9326 | D:9      | Noticed a two-headed ogre
  9473 | D:7      | Killed a two-headed ogre
  9487 | D:7      | Found a basalt altar of Yredelemnul.
  9606 | D:9      | Upgraded the game from 0.29-a0-409-gd843f3a48c to
                  | 0.29-a0-422-gafbd6decc1
  9698 | D:9      | Mangled by a two-headed ogre

Illustrated notes

Levels and vault maps discovered:
D:1:      psy_arrival_spokes, layout_loops_ring, minmay_lizard_pond
D:2:      minmay_wonky_spiral, layout_basic, ebering_ecumenical_altar_petrified,
          uniq_natasha
D:3:      layout_loops_ring, lemuel_blue_sif_altar, chequers_decorated_corner
D:4:      layout_cave_pools, nicolae_kikubaaqudgha_miasma_corner,
          nicolae_overflow_hidden_temple, amcnicky_altar_gilded, temple_hall,
          gup_sewer_entry_spiral
D:5:      layout_cave_pools, trog_ov_bears_minmay,
          nicolae_ru_great_annihilating_truth, minmay_misc_feat_tiny
D:6:      layout_rooms, minmay_manual_mullet
D:7:      layout_loops_ring, yredelemnul_forgotten_temple_becter,
          kennysheep_minor_cross, water_maze_lemuel, uniq_maggie
D:8:      layout_layer_cave, hangedman_abyss_or_decor_clamps,
          hangedman_decor_diamond_cutter
D:9:      layout_loops_cross

Skill      XL: |  1  2  3  4  5  6  7  8  9 10 |
---------------+-------------------------------+-----
Dodging        | 3 |  3.4
Spellcasting   | 4 5 6 8 10 11 | 11.5
Conjurations   | 5 6 7 8 |  8.3
Evocations     | 1 2 3 5 8 |  8.8
Transmutations | 2 |  2.4
Poison Magic   | 5 6 |  6.3
Stealth        | |  2.4

Action                   |  1- 3 |  4- 6 |  7- 9 | 10-12 || total
-------------------------+-------+-------+-------+-------++-------
Melee: Dagger            |     1 |       |       |       ||     1
       Whip              |       |       |     1 |       ||     1
 Cast: Magic Dart        |    48 |    94 |   120 |    27 ||   289
       Searing Ray       |       |    15 |    63 |     6 ||    84
       Mephitic Cloud    |       |       |     8 |     2 ||    10
       Ignite Poison     |       |       |     5 |     2 ||     7
  Use: Potion            |       |       |     1 |       ||     1
       Scroll            |       |       |    17 |       ||    17
Armor: Robe              |     1 |       |     2 |       ||     3
Dodge: Dodged            |     3 |    14 |    34 |     4 ||    55
       Repelled          |       |       |     1 |     1 ||     2
Block: Orb               |       |     5 |     8 |     3 ||    16

Table legend: (Time is in decaauts)
 A = Elapsed time spent in this place.
 B = Non-inter-level travel time spent in this place.
 C = Inter-level travel time spent in this place.
 D = Time resting spent in this place.
 E = Time spent auto-exploring this place.
 F = Levels seen in this place.
 G = Mean time per level.
                   A        B        C        D        E       F      G
               +--------+--------+--------+--------+--------+-----+--------+
         Total |   9777 |   9412 |    365 |    868 |   6762 |   9 | 1086.3 |
       Dungeon |   9777 |   9412 |    365 |    868 |   6762 |   9 | 1086.3 |
               +--------+--------+--------+--------+--------+-----+--------+

Top non-repeatable levels by time:
     D:8: 1922 daAuts
     D:7: 1627 daAuts
     D:6: 1323 daAuts
     D:5: 1028 daAuts
     D:4: 996 daAuts
     D:1: 962 daAuts
     D:3: 909 daAuts
     D:2: 871 daAuts
     D:9: 135 daAuts
